 Dungeon Crawl Stone Soup version 0.26-a0-712-ga5a9c9c9d0 (webtiles) character file.

Game seed: 16947144733292277086

348 kae the Insei (level 6, -2/34 HPs)
             Began as a Tengu Transmuter on Nov 13, 2020.
             Slain by Crazy Yiuf
             ... wielding a +4 quarterstaff of chaos
              (7 damage)
             ... on level 3 of the Dungeon.
             The game lasted 00:02:40 (4311 turns).

kae the Insei (Tengu Transmuter)                    Turns: 4311, Time: 00:02:41

Health: -2/34      AC:  2    Str: 12    XL:     6   Next: 60%
Magic:  7/10       EV: 24    Int: 20    God:
Gold:   196        SH:  0    Dex: 19    Spells: 5/9 levels left

rFire    . . .     SeeInvis .     - Unarmed
rCold    . . .     Faith    .   (shield currently unavailable)
rNeg     . . .     Spirit   .   (armour currently unavailable)
rPois    x         Reflect  .   (helmet currently unavailable)
rElec    .         Harm     .   (cloak currently unavailable)
rCorr    .         Rampage  .   (gloves currently unavailable)
MR       .....                  (boots unavailable)
Stlth    ++........             (no amulet)
HPRegen  0.11/turn              d - +6 ring of intelligence
MPRegen  0.12/turn              (no ring)

@: spider-form, flying quickly and evasively, quick
A: tiny, able to fly
a: Stop Flying, End Transformation


You were on level 3 of the Dungeon.
You were a venomous arachnid creature.
You visited 1 branch of the dungeon, and saw 3 of its levels.

You collected 196 gold pieces.

Inventory:

Armour
 a - a +0 robe (melded)
Jewellery
 d - a +6 ring of intelligence (left front leg)
Scrolls
 b - 3 scrolls of identify
 e - 2 scrolls of remove curse
 f - a scroll of amnesia {unknown}
Potions
 c - a potion of invisibility


   Skills:
 - Level 1.0 Fighting
 - Level 2.1 Dodging
 + Level 5.1 Unarmed Combat
 - Level 2.0 Spellcasting
 * Level 4.6 Transmutations
 - Level 1.0 Poison Magic


You had 5 spell levels left.
You knew the following spells:

 Your Spells              Type           Power        Failure   Level
a - Beastly Appendage     Tmut           ###...       9%          1
b - Spider Form           Tmut/Pois      ##........   34%         3

Your spell library contained the following spells:

 Spells                   Type           Power        Failure   Level
 Wereblood                Tmut           ###.....     12%         2
 Magic Dart               Conj           #...         34%         1
 Blink                    Tloc           N/A          45%         2
 Call Imp                 Summ           #.......     45%         2
 Slow                     Hex            #.......     45%         2
 Mephitic Cloud           Conj/Pois/Air  #.......     61%         3
 Conjure Flame            Conj/Fire      #.......     65%         3
 Ice Form                 Ice/Tmut       ##......     73%         4
 Blade Hands              Tmut           ###.......   75%         5


Dungeon Overview and Level Annotations

Branches:
Dungeon (3/15)

Altars:
Ashenzari
Sif Muna
Trog
Xom
The Shining One

Annotations:
D:3 Crazy Yiuf


Innate Abilities, Weirdness & Mutations

((You have a beak for a mouth.))
((You have claws for feet.))
You can fly continuously.


Message History

The spell is quite dangerous to cast (16% risk of failure)!
Continue anyway?
You turn into a venomous arachnid creature.
Your +0 robe melds into your body.
You reach down and open the door.
You barely miss Crazy Yiuf.
Crazy Yiuf hits you with a +4 quarterstaff of chaos!
You are electrocuted!
Ouch! That really hurt!
* * * LOW HITPOINT WARNING * * *
You are too injured to fight recklessly!
You are too injured to fight recklessly!
You are too injured to fight recklessly!
You bite Crazy Yiuf!
Crazy Yiuf is heavily wounded.
Crazy Yiuf misses you.
You hit Crazy Yiuf.
Crazy Yiuf is poisoned.
Crazy Yiuf is severely wounded.
Crazy Yiuf whimpers, "Fluff song infinity!"
Crazy Yiuf hits you with a +4 quarterstaff of chaos!
You die...

###.# #...# #.###
###.#### #......#
####♣♣ ###
#......# ##....♣♣
♣♣#..)# #.#.#..#
#..).).♣♣♣♣g'...#
#.#.#..#
##...)...♣.s♣#...#
#.#.#..#
#..#....♣.♣♣♣ ###
#.#.#.[#
#.####♣♣♣♣♣
#......# #.#
#.#.##.# #.#
#.#.##.##
#.#######
#.#......
#.......# ###
#.####.#.
#.......#
##.###.####.#.
#..>....####
##(..##......##


You could see Crazy Yiuf (very poisoned).

Vanquished Creatures
  2 orc priests (D:3)
  Jessica (D:3)
  3 orc wizards (D:3)
  7 adders
  4 gnolls (D:2)
  3 worms
  2 dart slugs
  2 leopard geckos
  8 orcs (D:3)
  3 giant cockroaches
  4 goblins
  5 hobgoblins
  4 jackals (D:1)
  7 kobolds
  5 bats
  5 frilled lizards
  6 rats
71 creatures vanquished.

Notes
Turn   | Place    | Note
-------+----------+-------------------------------------------
     0 | D:1      | kae the Tengu Transmuter began the quest for the Orb.
     0 | D:1      | Reached XP level 1. HP: 12/12 MP: 4/4
   197 | D:1      | Reached XP level 2. HP: 14/16 MP: 4/6
   768 | D:2      | Reached XP level 3. HP: 19/20 MP: 5/7
   773 | D:2      | Learned a level 3 spell: Spider Form
  1029 | D:2      | Found a bloodstained altar of Trog.
  1330 | D:2      | Found a broken altar of Ashenzari.
  1636 | D:2      | Reached skill level 1 in Poison Magic
  1636 | D:2      | Reached XP level 4. HP: 22/25 MP: 6/8
  1855 | D:2      | Reached skill level 4 in Unarmed Combat
  2125 | D:2      | Found a glowing golden altar of the Shining One.
  2625 | D:3      | Gained mutation: You can fly continuously. [Tengu growth]
  2625 | D:3      | Reached XP level 5. HP: 28/29 MP: 3/9
  3334 | D:3      | Found a shimmering altar of Xom.
  3404 | D:3      | Found a runed translucent door.
  3405 | D:3      | Noticed Crazy Yiuf
  3451 | D:3      | Reached XP level 6. HP: 22/34 MP: 7/10
  3797 | D:3      | Reached skill level 5 in Unarmed Combat
  3918 | D:3      | Noticed Jessica
  3924 | D:3      | Killed Jessica
  3992 | D:3      | Found a shimmering blue altar of Sif Muna.
  4311 | D:3      | Slain by Crazy Yiuf

Illustrated notes

Levels and vault maps discovered:
D:1:      zaba_arrival_water, layout_basic
D:2:      layout_loops_ring, nicolae_tso_carved_into_rock,
          evilmike_ruin_ashenzari, overflow_temple_1_default
D:3:      layout_loops_cross, lemuel_doored_altar, tgw_sif,
          minmay_misc_feat_diagonals, uniq_crazy_yiuf_cottage

Skill      XL: |  1  2  3  4  5  6 |
---------------+-------------------+-----
Transmutations | 2 3 4 |  4.6
Poison Magic   | 1 |  1.0
Unarmed Combat | 4 5 |  5.1
Fighting       | |  1.0
Dodging        | |  2.1
Spellcasting   | |  2.0

Action                   |  1- 3 |  4- 6 || total
-------------------------+-------+-------++-------
Melee: Unarmed           |    82 |   122 ||   204
       Kick              |    21 |     4 ||    25
       Peck              |     9 |     4 ||    13
       Punch             |     1 |     1 ||     2
       Headbutt          |     6 |     5 ||    11
 Cast: Beastly Appendage |    22 |    14 ||    36
       Spider Form       |       |    10 ||    10
 Abil: Fly               |       |     1 ||     1
  Use: Scroll            |     1 |     3 ||     4
       Potion            |     2 |       ||     2
Armor: Robe              |    19 |     3 ||    22
       Skin              |       |     1 ||     1
Dodge: Dodged            |    52 |    92 ||   144

Table legend: (Time is in decaauts)
 A = Elapsed time spent in this place.
 B = Non-inter-level travel time spent in this place.
 C = Inter-level travel time spent in this place.
 D = Time resting spent in this place.
 E = Time spent auto-exploring this place.
 F = Levels seen in this place.
 G = Mean time per level.
                   A        B        C        D        E       F      G
               +--------+--------+--------+--------+--------+-----+--------+
         Total |   4248 |   4165 |     83 |    604 |   2994 |   3 | 1416.0 |
       Dungeon |   4248 |   4165 |     83 |    604 |   2994 |   3 | 1416.0 |
               +--------+--------+--------+--------+--------+-----+--------+

Top non-repeatable levels by time:
     D:3: 1664 daAuts
     D:2: 1597 daAuts
     D:1: 987 daAuts
